 Dungeon Crawl Stone Soup version 0.29-a0-838-g385bb11a5b (webtiles) character file.

Game seed: 1841065926766816442

18 ponyjar the Caller (level 2, 0/11 HPs)
             Began as a Felid Summoner on July 13, 2022.
             Killed from afar by a dart slug (4 damage)
             ... with a slug dart
             ... on level 2 of the Dungeon.
             The game lasted 00:01:14 (1406 turns).

ponyjar the Caller (Felid Summoner)                 Turns: 1406, Time: 00:01:14

Health: 0/11       AC:  1    Str:  4    XL:     2   Next: 51%
Magic:  3/6        EV: 17    Int: 16    God:
Gold:   39         SH:  0    Dex: 16    Spells: 2/5 levels left
                                        Lives:  0   Deaths: 0

rFire   + . .      SeeInvis +   (weapon unavailable)
rCold   . . .      Faith    .   (shield unavailable)
rNeg    . . .      Spirit   .   (body armour unavailable)
rPois   .          Reflect  .   (helmet unavailable)
rElec   .          Harm     .   (cloak unavailable)
rCorr   .          Rampage  .   (gloves unavailable)
Will    .....                   (boots unavailable)
Stlth   ++........              (no amulet)
HPRegen 0.03/turn               f - ring of protection from fire
MPRegen 0.10/turn               (no ring)

@: quick
A: very small, claws 1, fangs 3, see invisible, speed 1, shaggy fur 1, stealthy
paws, no weapons or thrown items, no armour, multi-lived
a: no special abilities


You were on level 2 of the Dungeon.
You visited 1 branch of the dungeon, and saw 2 of its levels.

You collected 39 gold pieces.

Inventory:

Jewellery
 f - a ring of protection from fire (left paw)
Scrolls
 c - 2 scrolls of amnesia {unknown}
 e - a scroll of identify {unknown}
 h - a scroll of vulnerability {unknown}
 i - a scroll of fear {unknown}
 j - a scroll of magic mapping {unknown}
Potions
 a - a potion of magic
 b - 2 potions of berserk rage {unknown}
 d - 3 potions of heal wounds {unknown}
 g - a potion of lignification {unknown}


   Skills:
 - Level 2.6 Dodging
 - Level 2.6 Stealth
 - Level 2.0 Spellcasting
 * Level 4.7 Summonings


You had 2 spell levels left.
You knew the following spells:

 Your Spells              Type           Power      Damage    Failure   Level
a - Summon Small Mammal   Summ           64%        N/A       3%          1
b - Call Imp              Summ           16%        N/A       4%          2

Your spell library contained the following spells:

 Spells                   Type           Power      Damage    Failure   Level
 Call Canine Familiar     Summ           16%        N/A       9%          3
 Summon Guardian Golem    Hex/Summ       9%         N/A       24%         3
 Summon Lightning Spire   Summ/Air       9%         N/A       61%         4


Dungeon Overview and Level Annotations

Branches:
Dungeon (2/15)

Altars:


Innate Abilities, Weirdness & Mutations

You have sharp claws.
You have razor-sharp teeth.
You have supernaturally acute eyesight. (SInv)
You cover ground quickly. (Speed+)
You are covered in fur. (AC +1)
Your paws help you pounce on unaware monsters.
You are incapable of wielding weapons or throwing items.
You cannot wear armour.
You gain extra lives every three experience levels.


Message History

The bat misses you.
Your crimson imp hits the hobgoblin.
The bat closely misses you. x2
You scratch the hobgoblin but do no damage.
The hobgoblin is almost dead.
The bat barely misses you. The hobgoblin closely misses you.
Your crimson imp barely misses the hobgoblin.
You barely miss the hobgoblin.
The hobgoblin is almost dead.
The bat hits you but does no damage. The hobgoblin barely misses you.
Your crimson imp hits the hobgoblin.
The hobgoblin dies!
The bat hits you.
Your crimson imp closely misses the bat.
You completely miss the bat.
The bat is moderately wounded.
The bat misses you.
The bat closely misses your crimson imp.
Your crimson imp hits the bat.
The bat hits you. The bat barely misses your crimson imp. The bat misses you.
Your crimson imp barely misses the bat.
The bat closely misses you.
Your crimson imp hits the bat.
You scratch the bat.
The bat is severely wounded.
The bat completely misses you. The bat hits you.
The bat hits you but does no damage.
Your crimson imp misses the bat.
You closely miss the bat.
The bat is severely wounded.
The bat closely misses you. x2; Your crimson imp misses the bat.
The bat misses you.
You barely miss the bat. You bite the bat.
You kill the bat!
The dart slug launches a dart at you. The slug dart hits you.
You swap places.
Your crimson imp hits the dart slug.
The dart slug misses your crimson imp.
Your crimson imp blinks!
Your crimson imp hits the dart slug.
The dart slug launches a dart at you. The slug dart hits you.
You die...

### #.. #### #.#
...#######.#
#.........#####.###
... #.†@.§w5..#
.#####.####..####.....
..........)†..........
.###.#..<.....###.#. #
######.### #.# #..
#... ####.


You could see a dart slug (ally target) and a friendly crimson imp (summoned).

Vanquished Creatures
  A goblin (D:1)
  A hobgoblin (D:1)
  2 bats
  A frilled lizard (D:1)
5 creatures vanquished.

Vanquished Creatures (collateral kills)
  A dart slug (D:2)
  2 endoplasms (D:1)
  3 hobgoblins
  A frilled lizard (D:1)
  3 kobolds
10 creatures vanquished.

Grand Total: 15 creatures vanquished

Notes
Turn   | Place    | Note
-------+----------+-------------------------------------------
     0 | D:1      | ponyjar the Felid Summoner began the quest for the Orb.
     0 | D:1      | Reached XP level 1. HP: 7/7 MP: 4/4
   874 | D:1      | Reached XP level 2. HP: 11/11 MP: 1/6
  1233 | D:1      | Learned a level 2 spell: Call Imp
  1406 | D:2      | Killed from afar by a dart slug

Illustrated notes

Levels and vault maps discovered:
D:1:      ncdulo_wetmaze, layout_basic
D:2:      layout_loops_ring, basic_ecumenical_altar

Action                   || total
-------------------------++-------
Melee: Unarmed           ||    27
       Bite              ||     3
 Cast: Summon Small Mamm ||    24
       Call Imp          ||     4
Armor: Skin              ||     2
Dodge: Dodged            ||    37

Table legend: (Time is in decaauts)
 A = Elapsed time spent in this place.
 B = Non-inter-level travel time spent in this place.
 C = Inter-level travel time spent in this place.
 D = Time resting spent in this place.
 E = Time spent auto-exploring this place.
 F = Levels seen in this place.
 G = Mean time per level.
                   A        B        C        D        E       F      G
               +--------+--------+--------+--------+--------+-----+--------+
         Total |   1255 |   1233 |     22 |      0 |   1057 |   2 |  627.5 |
       Dungeon |   1255 |   1233 |     22 |      0 |   1057 |   2 |  627.5 |
               +--------+--------+--------+--------+--------+-----+--------+

Top non-repeatable levels by time:
     D:1: 1224 daAuts
     D:2: 30 daAuts
